 Dungeon Crawl Stone Soup version 0.28.0-53-g5a82cb258f (webtiles) character file.

Game seed: 13510575495824769047

219 safid the Chopper (level 5, 0/103 HPs)
             Began as a Hill Orc Fighter on Aug 15, 2022.
             Succumbed to a kobold's poison
             ... on level 3 of the Dungeon.
             The game lasted 00:02:36 (2734 turns).

safid the Chopper (Hill Orc Fighter)                Turns: 2734, Time: 00:02:37

Health: 0/103      AC: 22    Str: 21    XL:     5   Next: 96%
Magic:  5/5        EV:  2    Int:  8    God:
Gold:   113        SH:  4    Dex: 10    Spells: 4/4 levels left

rFire   . . .      SeeInvis .   a - +0 war axe
rCold   . . .      Faith    .   c - +0 buckler
rNeg    . . .      Spirit   .   (armour currently unavailable)
rPois   +          Reflect  .   (helmet currently unavailable)
rElec   .          Harm     .   (cloak currently unavailable)
rCorr   .          Rampage  .   (gloves currently unavailable)
Will    .....      NoTele   +   (boots currently unavailable)
Stlth   ..........              (no amulet)
HPRegen 0.27/turn               (no ring)
MPRegen 0.09/turn               (no ring)

@: berserking, lethally poisoned (0 -> -15), tree-form, invisible, very quick
A: stationary, stasis, torment immunity, boosted hp
a: no special abilities


You were on level 3 of the Dungeon.
You were a tree.
You visited 1 branch of the dungeon, and saw 3 of its levels.

You collected 113 gold pieces.

Inventory:

Hand Weapons
 a - a +0 war axe (weapon)
Missiles
 l - 2 poisoned darts (quivered)
Armour
 b - a +0 scale mail (melded)
 c - a +0 buckler (worn)
 i - a +0 cloak (melded)
 k - a +1 helmet (melded)
Scrolls
 e - a scroll of identify {unknown}
 h - a scroll of summoning {unknown}
 j - a scroll of magic mapping {unknown}
 m - a scroll of enchant weapon {unknown}
 p - a scroll of teleportation {unknown}
Potions
 d - a potion of might
 o - a potion of brilliance {unknown}


   Skills:
 - Level 4.0 Fighting
 + Level 6.7 Axes
 - Level 4.0 Armour
 - Level 4.0 Shields


You had 4 spell levels left.
You didn't know any spells.
Your spell library contained the following spells:

 Spells                   Type           Power      Damage    Failure   Level
 Call Canine Familiar     Summ           0%         N/A       86%         3
 Ignite Poison            Fire/Tmut/Pois 0%         N/A       86%         3
 Mephitic Cloud           Conj/Pois/Air  0%         N/A       86%         3
 Summon Guardian Golem    Hex/Summ       0%         N/A       86%         3
 Freezing Cloud           Conj/Ice/Air   0%         6-21      100%        5
 Haunt                    Necr/Summ      0%         N/A       100%        7
 Orb of Destruction       Conj           0%         9d5       100%        7
 Spellforged Servitor     Conj/Summ      0%         N/A       100%        7


Dungeon Overview and Level Annotations

Branches:
Dungeon (3/15)

Altars:
Uskayaw

Shops:
D:1 =


Message History

The jackal barely misses you. The kobold closely misses you.
The gnoll misses you. You block the gnoll's attack.
The centaur barely misses you. x2
You slash the centaur!
You kill the centaur!
You closely miss the kobold. You hit the gnoll. x2
You hit the jackal but do no damage.
You feel sick. The jackal bites you.
The kobold hits you with a +2 short sword of venom.
The jackal bites you but does no damage.
The gnoll hits you with a +0 spear.
* * * LOW HITPOINT WARNING * * *
The gnoll hits you but does no damage.
The kobold hits you with a +2 short sword of venom.
* * * LOW HITPOINT WARNING * * *
You are lethally poisoned!
Your Axes skill increases to level 6!
Really quaff the potion of lignification?
You turn into a tree.
Your +0 cloak melds into your body.
Your +1 helmet melds into your body.
Your +0 scale mail melds into your body.
Your roots penetrate the ground.
You feel sick.
The jackal bites you but does no damage.
The gnoll hits you but does no damage. x2
The kobold hits you but does no damage.
You are lethally poisoned!
The jackal bites you but does no damage.
Unknown command.
It was a potion of invisibility.
You fade into invisibility!
* * * LOW HITPOINT WARNING * * *
You feel very sick. You block the jackal's attack.
The gnoll hits you with a +0 spear.
* * * LOW HITPOINT WARNING * * *
The gnoll barely misses you.
The kobold hits you with a +2 short sword of venom.
* * * LOW HITPOINT WARNING * * *
It was a potion of berserk rage.
A red film seems to cover your vision as you go berserk!
You feel yourself moving faster!
You feel mighty!
You die...

#...## #.# #.≈P.### #..
#≈≈≈PPP### ###.#
#≈≈≈≈≈P≈.## #...#
#..≈≈♣≈P≈..## #.###
##.≈≈≈≈≈♣P≈P.##.#
########≈≈P≈≈≈♣≈≈≈≈≈≈##
......ggh....≈P♣≈≈≈P≈.##
#.....K♣.###..≈♣≈≈≈≈P≈.#
#.##.#)....#≈.≈≈♣♣≈≈≈P.#
#.......# ≈P♣≈≈≈≈P...
#........≈≈≈≈≈♣≈P.P.#
#...P≈≈P.≈♣♣♣≈P≈PP..#
#.#≈≈≈≈≈♣♣≈♣≈..PP.###
#.#P≈≈♣P≈ PP≈P....# #
#.#PP≈≈≈.≈ ....### ###


You could see 2 gnolls, a jackal and a kobold.

Vanquished Creatures
  A centaur (D:3)
  A hound (D:3)
  A gnoll (D:3)
  3 adders (D:2)
  5 dart slugs
  4 bats
  6 endoplasms
  5 giant cockroaches
  5 hobgoblins
  7 jackals (D:3)
  4 kobolds
  2 quokkas
  10 ball pythons
  4 frilled lizards
  A goblin (D:3)
  7 rats
66 creatures vanquished.

Vanquished Creatures (others)
  23 plants (D:3)
  4 toadstools (D:1)
27 creatures vanquished.

Grand Total: 93 creatures vanquished

Notes
Turn   | Place    | Note
-------+----------+-------------------------------------------
     0 | D:1      | safid the Hill Orc Fighter began the quest for the Orb.
     0 | D:1      | Reached XP level 1. HP: 19/19 MP: 1/1
    54 | D:1      | Got Dispater's Incunabulum of the Escort
   110 | D:1      | Found Imire's Jewellery Emporium.
   118 | D:1      | Reached skill level 3 in Axes
   118 | D:1      | Reached XP level 2. HP: 11/27 MP: 2/2
   761 | D:1      | Reached XP level 3. HP: 27/33 MP: 3/3
  1230 | D:2      | Found a faded altar of an unknown god.
  1982 | D:2      | Reached XP level 4. HP: 39/40 MP: 4/4
  2088 | D:2      | Reached skill level 4 in Axes
  2432 | D:3      | Reached skill level 5 in Axes
  2564 | D:3      | Reached XP level 5. HP: 46/46 MP: 5/5
  2592 | D:3      | Found a hide-covered altar of Uskayaw.
  2725 | D:3      | Noticed a centaur
  2731 | D:3      | Killed a centaur
  2732 | D:3      | Reached skill level 6 in Axes
  2733 | D:3      | HP: 2/69 [kobold/+2 short sword of venom (2)]
  2734 | D:3      | Succumbed to a kobold's poison

Illustrated notes

Levels and vault maps discovered:
D:1:      ldierk_water_garden, layout_basic, serial_shops, shop
D:2:      layout_loops_cross, nicolae_ecumenical_snake_handling
D:3:      layout_loops_ring, nicolae_uskayaw_murder_on_the_dancefloor,
          serial_shops, nicolae_lakefront_shop, serial_bayou_lagoon_a,
          minmay_misc_feat_four_crosses, corexii_item_surrounded_by_moat,
          minmay_crystal_water

Skill      XL: |  1  2  3  4  5 |
---------------+----------------+-----
Axes           | 3 5 6 |  6.7
Fighting       | 4 |  4.0
Armour         | 4 |  4.0
Shields        | 4 |  4.0

Action                   |  1- 3 |  4- 6 || total
-------------------------+-------+-------++-------
Melee: War axe           |   123 |    61 ||   184
  Use: Potion            |     1 |     3 ||     4
Armor: Scale mail        |    68 |    57 ||   125
       Skin              |       |     5 ||     5
Dodge: Dodged            |    47 |    42 ||    89
Block: Buckler           |    27 |    14 ||    41
